cohdb
Replays
Latest Replays
All Replays
Popular Replays
Top Player Replays
Match Explorer
How It Works
Community
CoH3 Stats
Reddit
Sign in to upload your games and track your stats! →
Sign in with Steam
Match 41768327
Unlisted
Match 41768327
Overview
Messages
Build Orders
End
Kradschützen Motorcycle Team
Panzerpioneer Squad
Selects Panzerjäger Kommand Battlegroup
Selects Mine Fields
250 Light Carrier
Construct Light Support Kompanie
MG34 Team
Assault Grenadier Squad
Selects Defensive Positions
Fire Support Elements
Flakvierling Half-track
2.5-tonne Medical Truck
Assault Grenadier Squad
Selects Butterfly Bomb Drop
Butterfly Bomb Drop
Panzerjäger Mechanized Group
Construct Panzerarmee Kommand
Selects Tank Busters
Walking Stuka Rocket Launcher
Panzerpioneer Squad
Butterfly Bomb Drop
Panzer III L Medium Tank
Selects Crew Shock Tactics
Selects Crew Shock Tactics
Emergency Repair Kits
2.5-tonne Medical Truck
Butterfly Bomb Drop
Panzer III L Medium Tank
Butterfly Bomb Drop
Selects Elefant Tank Destroyer
Panzer III L Medium Tank
Walking Stuka Rocket Launcher
Panzer III L Medium Tank
Panzer III L Medium Tank
Assault Grenadier Squad
Vehicle Survival Package
Butterfly Bomb Drop
BigTiddyLebron
kreumat
Açucar Macabro
Ordena JR
0
0
Comments
sign in to comment!
No comments posted yet!